Match 45099472
Unlisted

Match 45099472
End
Kradschützen Motorcycle Team
Panzergrenadier Squad
Selects Panzerjäger Kommand Battlegroup
Selects Mine Fields
Panzergrenadier Squad
Construct Light Support Kompanie
250 Light Carrier
Fire Support Elements
MG34 Team
Combat Half-tracks
Selects Defensive Positions
Flakvierling Half-track
le.IG 18 Mechanized Group
Construct Panzerarmee Kommand
Selects Butterfly Bomb Drop
Panzer III L Medium Tank
Forward Retreat Point
Panzer III L Medium Tank
Selects Tank Busters
Vehicle Survival Package
wotanserbe
nichto
Demion69
Haiyans
Hydro
S1L
FlashThunder
fndave
0
0

Comments sign in to comment!

No comments posted yet!